 Dungeon Crawl Stone Soup version 0.27-a0-1431-gcffa5a9b16 (webtiles) character file.

Game seed: 3211257307716659362

91 unlimited the Conjurer (level 4, -1/33 HPs)
             Began as a Demigod Conjurer on July 2, 2021.
             Slain by a goblin (3 damage)
             ... led by Robin
             ... on level 3 of the Dungeon.
             The game lasted 00:21:57 (5372 turns).

unlimited the Conjurer (Demigod Conjurer)           Turns: 5372, Time: 00:21:57

Health: -1/33      AC:  2    Str:  8    XL:     4   Next: 12%
Magic:  2/10       EV: 12    Int: 24    God:
Gold:   59         SH:  0    Dex: 12    Spells: 4/7 levels left

rFire    . . .     SeeInvis .   n - +2 trident (venom)
rCold    . . .     Faith    .   (no shield)
rNeg     . . .     Spirit   .   a - +0 robe
rPois    .         Reflect  .   (no helmet)
rElec    .         Harm     .   (no cloak)
rCorr    .         Rampage  .   (no gloves)
Will     .....                  (no boots)
Stlth    ++........             (no amulet)
HPRegen  0.11/turn              (no ring)
MPRegen  0.12/turn              (no ring)

@: brilliant, very slightly contaminated
A: high mp 1, forlorn
a: no special abilities


You were on level 3 of the Dungeon.
You visited 1 branch of the dungeon, and saw 3 of its levels.

You collected 59 gold pieces.

Inventory:

Hand Weapons
 b - a +0 spear
 f - a +2 whip of venom
 m - a +2 dagger of venom
 n - a +2 trident of venom (weapon)
Missiles
 g - 25 stones
Armour
 a - a +0 robe (worn)
Jewellery
 q - a ring of ice
Scrolls
 j - a scroll of summoning {unknown}
 k - 2 scrolls of amnesia {unknown}
 l - 2 scrolls of identify {unknown}
 o - a scroll of silence {unknown}
 p - a scroll of teleportation {unknown}
 r - a scroll of enchant armour {unknown}
Potions
 d - a potion of brilliance
 e - a potion of lignification {unknown}
 h - a potion of flight {unknown}
 i - a potion of mutation {unknown}


   Skills:
 + Level 0.2 Maces & Flails
 + Level 2.0 Dodging
 + Level 2.2 Stealth
 + Level 2.4 Spellcasting
 + Level 4.6 Conjurations


You had 4 spell levels left.
You knew the following spells:

 Your Spells              Type           Power      Damage    Failure   Level
a - Magic Dart            Conj           100%       1d8       1%          1
b - Searing Ray           Conj           74%        3d6       2%          2

Your spell library contained the following spells:

 Spells                   Type           Power      Damage    Failure   Level
 Freeze                   Ice            16%        1d4       12%         1
 Dazzling Flash           Conj/Hex       42%        N/A       13%         3
 Call Imp                 Summ           4%         N/A       17%         2
 Mephitic Cloud           Conj/Pois/Air  15%        N/A       19%         3
 Frozen Ramparts          Ice            8%         1d2       34%         3
 Fulminant Prism          Conj/Hex       10%        3d9       41%         4
 Hailstorm                Conj/Ice       21%        3d6       41%         4
 Iskenderun's Mystic Bla  Conj/Tloc      21%        2d6       41%         4


Dungeon Overview and Level Annotations

Branches:
Dungeon (3/15)

Shops:
D:2 (

Annotations:
D:3 Ijyb, Robin


Innate Abilities, Weirdness & Mutations

Your attributes grow dramatically as you level up.
You have an increased reservoir of magic. (+10% MP)
You shall have no god before yourself.


Message History

Confirm with . or Enter, or press ? or * to list all spells.
Aiming: Magic Dart (safe; 1% risk of failure)
Press: ? - help, Shift-Dir - straight line, f/p - goblin
Aim: a goblin, wielding a +0 dagger (moderately wounded, strong, 100% to hit)
The magic dart hits the goblin.
The goblin is severely wounded.
The hobgoblin no longer looks unusually strong.
The goblin hits you with a +0 dagger. The orc hits you but does no damage.
The goblin misses you. Robin throws the goblin at you!
Casting: Magic Dart (safe; 1% risk of failure)
Confirm with . or Enter, or press ? or * to list all spells.
Aiming: Magic Dart (safe; 1% risk of failure)
Press: ? - help, Shift-Dir - straight line, f/p - goblin
Aim: a goblin, wielding a +0 dagger (severely wounded, strong, 100% to hit)
You miscast Magic Dart.
You are very lightly contaminated with residual magic.
Nothing appears to happen.
Ijyb no longer looks unusually strong.
The goblin hits you with a +0 dagger. x2; The orc closely misses you.
The goblin barely misses you.
You closely miss the goblin.
The goblin is severely wounded.
The goblin no longer looks unusually strong.
The hobgoblin no longer looks unusually strong.
The goblin closely misses you. The goblin hits you with a +0 dagger.
The orc hits you with a +0 falchion.
* * * LOW HITPOINT WARNING * * *
The goblin barely misses you.
Robin says, "Duck!"
The goblin hits you but does no damage.
As you read the scroll labelled TAZEJY GOVUSO, it crumbles to dust.
The scroll dissolves into smoke.
It was a scroll of fog.
The goblin no longer looks unusually strong.
The goblin closely misses you. The orc hits you with a +0 falchion.
* * * LOW HITPOINT WARNING * * *
The goblin hits you but does no damage. The goblin misses you.
It was a potion of brilliance.
You feel clever all of a sudden. The goblin completely misses you.
The orc misses you. The goblin hits you with a +0 dagger.
You die...

#. ##.. #.
##..#
#..###...#
#.....<#
#..##..#
.###..##..#
..).†.§§§§##
.#####gg§.#
#@g§.#
#o#§.#
#g#...#
#g##.... #o#
.##.. #g# ..
..


gg# .. #... ..). You could see Ijyb, an orc and 3 goblins.

Vanquished Creatures
  3 adders (D:2)
  2 dart slugs
  2 orcs (D:3)
  4 endoplasms
  6 giant cockroaches
  9 hobgoblins
  2 jackals (D:2)
  A quokka (D:1)
  7 ball pythons
  3 bats (D:1)
  A frilled lizard (D:2)
  7 goblins
  4 kobolds
  4 rats
55 creatures vanquished.

Notes
Turn   | Place    | Note
-------+----------+-------------------------------------------
     0 | D:1      | unlimited the Demigod Conjurer began the quest for the Orb.
     0 | D:1      | Reached XP level 1. HP: 14/14 MP: 5/5
   383 | D:1      | Reached skill level 4 in Conjurations
   744 | D:1      | Reached XP level 2. HP: 19/20 MP: 7/7
  2174 | D:1      | Learned a level 2 spell: Searing Ray
  2638 | D:2      | Reached XP level 3. HP: 14/26 MP: 0/8
  3904 | D:2      | Found Otsomaam's Antique Weapon Boutique.
  5206 | D:3      | Reached XP level 4. HP: 33/33 MP: 4/10
  5348 | D:3      | Noticed Ijyb
  5352 | D:3      | Noticed Robin
  5372 | D:3      | Slain by a goblin

Illustrated notes

Levels and vault maps discovered:
D:1:      minmay_arrival_hallway, layout_basic
D:2:      layout_loops_ring, serial_shops, nicolae_shop_trees,
          shapermc_ecumenical_altar_notcrosses
D:3:      layout_rooms, minmay_checkerbox, uniq_ijyb, uniq_jessica, uniq_robin,
          uniq_crazy_yiuf_cottage

Skill      XL: |  1  2  3 |
---------------+----------+-----
Conjurations   | 4 |  4.6
Dodging        | 2 |  2.0
Spellcasting   | 2 |  2.4
Stealth        | 2 |  2.2
Maces & Flails | |  0.2

Action                   |  1- 3 |  4- 6 || total
-------------------------+-------+-------++-------
Melee: Whip              |    10 |       ||    10
       Trident           |       |     7 ||     7
 Cast: Magic Dart        |    86 |    13 ||    99
  Use: Scroll            |       |     1 ||     1
       Potion            |       |     1 ||     1
Armor: Robe              |     2 |     5 ||     7
Dodge: Dodged            |    13 |    17 ||    30

Table legend: (Time is in decaauts)
 A = Elapsed time spent in this place.
 B = Non-inter-level travel time spent in this place.
 C = Inter-level travel time spent in this place.
 D = Time resting spent in this place.
 E = Time spent auto-exploring this place.
 F = Levels seen in this place.
 G = Mean time per level.
                   A        B        C        D        E       F      G
               +--------+--------+--------+--------+--------+-----+--------+
         Total |   5373 |   4192 |   1181 |   3972 |      0 |   3 | 1791.0 |
       Dungeon |   5373 |   4192 |   1181 |   3972 |      0 |   3 | 1791.0 |
               +--------+--------+--------+--------+--------+-----+--------+

Top non-repeatable levels by time:
     D:2: 2838 daAuts
     D:1: 2356 daAuts
     D:3: 177 daAuts
